 Dungeon Crawl Stone Soup version 0.28.0-53-g5a82cb258f (webtiles) character file.

Game seed: 7478074473401234707

88 MisterFreud the Skirmisher (level 4, -3/38 HPs)
             Began as a Palentonga Fighter on July 17, 2022.
             Slain by an iguana (11 damage)
             ... on level 4 of the Dungeon.
             The game lasted 00:02:11 (2105 turns).

MisterFreud the Skirmisher (Palentonga Fighter)     Turns: 2105, Time: 00:02:11

Health: -3/38      AC:  7    Str: 20    XL:     4   Next: 29%
Magic:  13/13      EV:  7    Int:  8    God:
Gold:   102        SH:  4    Dex: 11    Spells: 3/3 levels left

rFire   . . .      SeeInvis +   a - +0 flail
rCold   . . .      Faith    .   c - +0 buckler
rNeg    . . .      Spirit   .   b - +0 scale mail
rPois   .          Reflect  .   (no helmet)
rElec   .          Harm     .   (no cloak)
rCorr   .          Rampage  .   f - +0 pair of gloves
Will    .....                   (no barding)
Stlth   ..........              (no amulet)
HPRegen 0.12/turn               i - ring of magical power
MPRegen 0.13/turn               (no ring)

@: no status effects
A: large, rugged brown scales 3, see invisible, deformed body, roll 1, armoured
tail
a: Rolling Charge


You were on level 4 of the Dungeon.
You visited 1 branch of the dungeon, and saw 4 of its levels.

You collected 102 gold pieces.

Inventory:

Hand Weapons
 a - a +0 flail (weapon)
Missiles
 k - 2 javelins
 p - 6 poisoned darts
Armour
 b - a +0 scale mail (worn)
 c - a +0 buckler (worn)
 f - a +0 pair of gloves (worn)
Jewellery
 i - a ring of magical power (left hand)
Scrolls
 e - a scroll of immolation {unknown}
 j - 2 scrolls of identify {unknown}
 n - a scroll of vulnerability {unknown}
 o - a scroll of enchant weapon {unknown}
Potions
 d - a potion of might
 g - a potion of resistance {unknown}
 h - a potion of haste {unknown}
 l - a potion of flight {unknown}
 m - a potion of mutation {unknown}


   Skills:
 + Level 3.6 Fighting
 + Level 2.8 Maces & Flails
 + Level 3.0 Armour
 + Level 3.0 Shields


You had 3 spell levels left.
You didn't know any spells.
Your spell library contained the following spells:

 Spells                   Type           Power      Damage    Failure   Level
 Ensorcelled Hibernation  Hex/Ice        0%         N/A       93%         2
 Passwall                 Tmut/Erth      0%         N/A       93%         2
 Conjure Flame            Conj/Fire      0%         6-21      99%         3
 Ignite Poison            Fire/Tmut/Pois 0%         N/A       99%         3
 Swiftness                Air            0%         N/A       99%         3
 Sticky Flame             Conj/Fire      0%         2d3       100%        4


Dungeon Overview and Level Annotations

Branches:
Dungeon (4/15)
 Temple: D:4-7

Altars:
Kikubaaqudgha

Annotations:
D:2 1 runed translucent door, Crazy Yiuf
D:3 Terence


Innate Abilities, Weirdness & Mutations

You are completely covered in rugged brown scales. (AC +3, +7% HP)
You have supernaturally acute eyesight. (SInv)
Armour fits poorly on your strangely shaped body.
You can roll at nearby foes to attack.
You have a long armoured tail.


Message History

You closely miss the orc. The orc hits you but does no damage.
An orc is nearby!
You barely miss the orc. The orc hits you but does no damage.
You hit the orc but do no damage. You tail-slap the orc.
The orc is moderately wounded.
The orc hits you with a +0 dagger. The orc hits you but does no damage.
You hit the orc.
The orc is heavily wounded.
The orc hits you with a +0 dagger.
You hit the orc.
The orc is almost dead.
The orc hits you with a +0 dagger.
An orc is nearby!
You barely miss the orc.
The orc is almost dead.
The orc hits you but does no damage. The orc barely misses you.
An orc is nearby!
You closely miss the orc.
The orc is almost dead.
You block the orc's attack.
An orc is nearby!
You closely miss the orc.
Your tail-slap misses the orc.
The orc is almost dead.
The orc hits you with a +0 dagger.
You hit the orc.
You kill the orc!
No target in view!
An iguana comes into view.
The iguana hisses angrily.
There's nothing you can charge at!
You roll forward with a clatter of scales!
You closely miss the iguana. The iguana bites you.
You closely miss the iguana. The iguana bites you.
You closely miss the iguana. The iguana barely misses you.
The iguana bites you.
You are too injured to fight recklessly!
You closely miss the iguana. The iguana bites you!
* * * LOW HITPOINT WARNING * * *
You barely miss the iguana. The iguana bites you!
You die...

.# ### $# #.###.##
#..#.).# ##
#.....# ..#
####....##...#
##..#.....#...
#.#.....#....# #
#.......#.@..##..
........##l.......
###..###..........
#..# ##..######.
#.# ##...# #..
#<...# #. #.....#
#..#....#
...####...#


You could see an iguana.

Vanquished Creatures
  2 adders
  2 worms (D:2)
  3 dart slugs
  An orc (D:4)
  3 endoplasms
  3 giant cockroaches
  9 goblins
  2 hobgoblins
  2 jackals (D:2)
  10 kobolds
  5 ball pythons
  7 bats
  A frilled lizard (D:3)
  4 rats
54 creatures vanquished.

Vanquished Creatures (others)
  2 fungi (D:2)
2 creatures vanquished.

Grand Total: 56 creatures vanquished

Notes
Turn   | Place    | Note
-------+----------+-------------------------------------------
     0 | D:1      | MisterFreud the Palentonga Fighter began the quest for the
                  | Orb.
     0 | D:1      | Reached XP level 1. HP: 19/19 MP: 1/1
   205 | D:1      | Reached XP level 2. HP: 25/25 MP: 2/2
   537 | D:1      | Reached XP level 3. HP: 29/31 MP: 3/3
  1275 | D:2      | Reached XP level 4. HP: 16/37 MP: 4/4
  1576 | D:2      | Found a runed translucent door.
  1577 | D:2      | Noticed Crazy Yiuf
  2042 | D:3      | Found an ancient bone altar of Kikubaaqudgha.
  2051 | D:3      | Noticed Terence
  2105 | D:4      | Slain by an iguana

Illustrated notes

Levels and vault maps discovered:
D:1:      heliophobic_arrival_henge, layout_loops_ring, kennysheep_nondescript
D:2:      layout_rooms, minmay_tetromino_o2, uniq_crazy_yiuf_cottage
D:3:      layout_basic, kiku_gazebo_garden_becter,
          chequers_ecumenical_altar_simple_redux, roderic_batcave, hex_large,
          uniq_sigmund, uniq_terence
D:4:      nicolae_cairo_tiling, layout_layer_cave, serial_shops, shop_statue,
          nicolae_ossuary_entry_plus, minmay_bent, uniq_pargi

Skill      XL: |  1  2  3  4 |
---------------+-------------+-----
Shields        | 3 |  3.0
Armour         | 3 |  3.0
Fighting       | |  3.6
Maces & Flails | |  2.8

Action                   |  1- 3 |  4- 6 || total
-------------------------+-------+-------++-------
Melee: Flail             |    93 |    49 ||   142
       Tailslap          |    10 |     3 ||    13
 Abil: Rolling Charge    |    25 |     6 ||    31
Armor: Scale mail        |    43 |    27 ||    70
Dodge: Dodged            |    23 |    16 ||    39
Block: Buckler           |    15 |     7 ||    22
